 Seeded DCSS version 0.30.1 (webtiles) character file.

Game seed: 5116463203478235044 (custom seed)

27 cdecastro the Magician (level 3, 27/27 HPs)
             Began as a Djinni Ice Elementalist on July 10, 2023.
             Got out of the dungeon alive.
             The game lasted 00:01:07 (756 turns).

cdecastro the Magician (Djinni Ice Elementalist)     Turns: 756, Time: 00:01:08

Health: 27/27      AC:  2    Str:  7    XL:     3   Next: 25%
Gold:   46         EV: 12    Int: 18    God:
                   SH:  0    Dex: 13

rFire   + + .        c - +0 dagger
rCold   x . .        (no shield)
rNeg    . . .        a - +0 robe
rPois   ∞            (no helmet)
rElec   .            (no cloak)
rCorr   .            (no gloves)
SInv    .            (boots unavailable)
Will    .....        (no amulet)
Stlth   ++           (no ring)
HPRegen 0.24/turn    (no ring)
MPRegen 0.00/turn

%: no passive effects
@: flying
A: sickness immunity, fire resistance 2, cold vulnerability 1, float, innate
caster, HP casting, extra vitality 1
a: no special abilities


You escaped.
You visited 1 branch of the dungeon, and saw 1 of its levels.

You collected 46 gold pieces.

Inventory:

Hand Weapons
 c - a +0 dagger (weapon)
Armour
 a - a +0 robe (worn)
Jewellery
 f - a ring of ice
Scrolls
 b - a scroll of identify {unknown}
 d - a scroll of immolation {unknown}
 e - a scroll of fog {unknown}


   Skills:
 + Level 1.3 Fighting
 - Level 2.1 Dodging
 - Level 1.5 Stealth
 * Level 3.7 Spellcasting


You knew the following spells:

 Your Spells              Type           Power      Damage    Failure   Level
a - Freeze                Ice            64%        1d7       3%          1
b - Frozen Ramparts       Ice            32%        1d5       10%         3
c - Ozocubu's Armour      Ice            16%        N/A       10%         3
d - Summon Ice Beast      Ice/Summ       16%        N/A       32%         4
e - Shock                 Conj/Air       64%        1d7       3%          1
Your spell library was empty.

Dungeon Overview and Level Annotations

Branches:
Dungeon (1/15)

Altars:


Innate Abilities, Weirdness & Mutations

You are immune to sickness and miasma.
You are immune to poison.
Your flesh is very heat resistant. (rF++)
You are vulnerable to cold. (rC-)
You float through the air rather than walking.
You learn spells naturally, not from books.
Your magical power is your life essence.
You have superior vitality. (+4 MHP)


Message History

You kill the jackal!
Unknown command.
Things that are here:
a jackal corpse; a jackal corpse; a jackal corpse You now have 46 gold pieces (gained 5).
Things that are here:
a jackal corpse; a jackal corpse; a jackal corpse
Found 5 poisoned darts.
Found 3 stones.
You see here 3 stones.
Things that are here:
a jackal corpse; a jackal corpse; a jackal corpse A rat comes into view.
A rat is nearby!
The rat closely misses you.
You hit the rat.
You kill the rat!
An endoplasm comes into view.
An endoplasm is nearby!
An endoplasm is nearby!
An endoplasm is nearby!
The endoplasm quivers.
You hit the endoplasm.
The endoplasm is heavily wounded.
The endoplasm closely misses you.
Aiming: Freeze (safe; 3% risk of failure)
Press: ? - help, Q - select action, (/) - cycle Shift-Dir - straight line, f - endoplasm
Aim: an endoplasm (heavily wounded)
You freeze the endoplasm!
You kill the endoplasm!
Unknown command.
Unknown command.
Save game and exit?
Welcome back, cdecastro the Djinni Ice Elementalist.
Game seed: 5116463203478235044 (custom seed) Press ? for a list of commands and other information.
HP restored.
There is a staircase leading out of the dungeon here.
Are you sure you want to leave the Dungeon?
This will make you lose the game!
You have escaped!

#.####.#
###............#########
#.# #.# #.............#
..# #.# #.###.........#
### #.####.##..#....####
## #...##.#..#.#...#####
.#####.#......#...#......#
..).÷..#.#####.....#####.#
.#####....#...........#..#
.# ##....#....@....#..# .#
##...#.........#..### .#
#..#...........#...# .#
#.#####.....#####..# .#
#.[....#...#.......# .#
#.#..#..#.#..#####.# ##
#...###..#..######.# #
####.#..............# #
#...>..############.#


There were no monsters in sight!

Vanquished Creatures
  A gnoll (D:1)
  A dart slug (D:1)
  A ball python (D:1)
  An endoplasm (D:1)
  A hobgoblin (D:1)
  4 jackals (D:1)
  A quokka (D:1)
  A bat (D:1)
  2 kobolds (D:1)
  2 rats (D:1)
15 creatures vanquished.

Notes
Turn   | Place    | Note
-------+----------+-------------------------------------------
     0 | D:1      | cdecastro the Djinni Ice Elementalist began the quest for
                  | the Orb.
     0 | D:1      | cdecastro set off with the following spells memorised:
                  | Freeze, Frozen Ramparts, Ozocubu's Armour, Summon Ice
                  | Beast.
     0 | D:1      | Reached XP level 1. HP: 15/15 MP: 0/0
    76 | D:1      | Reached XP level 2. HP: 12/22 MP: 0/0
   182 | D:1      | Reached skill level 1 in Fighting
   487 | D:1      | Reached XP level 3. HP: 24/27 MP: 0/0
   487 | D:1      | Learned a level 1 spell: Shock
   756 | D:$      | Got out of the dungeon alive.

Illustrated notes

Levels and vault maps discovered:
D:1:      scummos_arrival_star, layout_loops_ring, minivault_5,
          minmay_hexomino_p4

Skill      XL: |  1  2 |
---------------+-------+-----
Fighting       | 1 |  1.3
Dodging        | |  2.1
Stealth        | |  1.5
Spellcasting   | |  3.7

Action                     || total
---------------------------++-------
  Melee: Dagger            ||     4
   Cast: Freeze            ||    23
 Armour: Robe              ||     3
  Dodge: Dodged            ||    13
